 Dungeon Crawl Stone Soup version 0.30-b1-2-g02819fbbbe (webtiles) character file.

Game seed: 16903104933690576163

7109575 Vorhees the Archmage (level 27, 227/228 HPs)
             Began as a Djinni Reaver on Sept 22, 2023.
             Was an Initiate of Gozag.
             Escaped with the Orb
             ... and 9 runes on Sept 24, 2023!
             The game lasted 05:41:19 (86331 turns).

Vorhees the Archmage (Djinni Reaver)               Turns: 86331, Time: 05:41:20

Health: 227/228    AC: 25    Str: 11    XL:     27
Gold:   29340      EV: 29    Int: 45    God:    Gozag SH: 10 Dex: 18

rFire   + + +        K - +7 spear of Orocyd {speed, rElec Int+6}
rCold   + + +        y - +1 buckler of New Discoveries {MP-9 Int+6 SInv}
rNeg    + + +        R - +4 moon troll leather armour {Spirit, Regen++ MP+5}
rPois   ∞            L - -2 hat of the Alchemist {rElec rPois rF+ rC+ rN+ Will+ rMut rCorr}
rElec   +            o - +2 cloak {Stlth+}
rCorr   +            x - +5 pair of gloves "Vickury" {Regen+ rCorr SInv Stlth-}
SInv    +            (boots unavailable)
Will    +++++        U - amulet of Nuzaam {Regen+ Int+2 Dex+3}
Stlth   +++          X - ring of Hami {rPois rC+ Will+ rCorr Slay+4}
HPRegen 3.78/turn    l - ring "Kawaid" {rC+ MP+9 Int+5}
MPRegen 0.00/turn

%: resist mutation, guardian spirit
@: lich-form (expiring), gold aura, flying, studying Maces & Flails
A: draining attack, torment immunity, no potions, flying, sickness immunity,
fire resistance 2, cold vulnerability 1, float, innate caster, HP casting, extra
vitality 1
0: Orb of Zot
}: 9/15 runes: decaying, slimy, silver, demonic, glowing, magical, fiery, dark,
gossamer
a: End Transformation, Renounce Religion, Potion Petition, Call Merchant, Bribe
Branch


You escaped.
You worshipped Gozag.
Gozag was extremely pleased with you.
You were an undead lich.
You visited 14 branches of the dungeon, and saw 60 of its levels.
You visited Pandemonium 1 time, and saw 28 of its levels.
You visited the Abyss 1 time.
You also visited: Trove and Wizlab.

You collected 45978 gold pieces.
You spent 3002 gold pieces at shops.
You paid 13636 gold pieces to Gozag.

Inventory:

Hand Weapons
 A - the +6 sword of Cerebov {flame}
   (You took it off Cerebov in Pandemonium)
 K - the +7 spear of Orocyd (weapon) {speed, rElec Int+6}
   (You found it on level 3 of the Vaults)

   Int:       It affects your intelligence (+6).
   rElec:     It insulates you from electricity.
Missiles
 E - 2 throwing nets
Armour
 c - the +4 leather armour of a ziggurat {+Inv Fly Int+6}
   (You found it on level 2 of the Depths)

   Int:       It affects your intelligence (+6).
   +Inv:      It lets you turn invisible.
   Fly:       It grants you flight.
 o - a +2 cloak of stealth (worn)
 x - the +5 pair of gloves "Vickury" (worn) {Regen+ rCorr SInv Stlth-}
   (You bought it in a shop on level 4 of the Dungeon)

   SInv:      It lets you see invisible.
   Regen:     It increases your rate of health regeneration.
   rCorr:     It protects you from acid and corrosion.
   Stlth:     It makes you less stealthy.
 y - the +1 buckler of New Discoveries (worn) {MP-9 Int+6 SInv}
   (You acquired it on level 9 of the Dungeon)

   Int:       It affects your intelligence (+6).
   MP:        It affects your magic capacity (-9).
   SInv:      It lets you see invisible.
 L - the -2 hat of the Alchemist (worn) {rElec rPois rF+ rC+ rN+ Will+ rMut rCorr}
   (You bought it in a shop on level 1 of the Orcish Mines)

   rF:        It protects you from fire.
   rC:        It protects you from cold.
   rElec:     It insulates you from electricity.
   rPois:     It protects you from poison.
   rN:        It protects you from negative energy.
   rCorr:     It protects you from acid and corrosion.
   rMut:      It protects you from mutation.
   Will:      It increases your willpower.
 R - the +4 moon troll leather armour (worn) {Spirit, Regen++ MP+5}
   (You took it off a moon troll in a wizard's laboratory)

   MP:        It affects your magic capacity (+5).
   Regen:     It increases your rate of health regeneration.
 S - a +4 kite shield of reflection
Jewellery
 i - a ring of ice
 l - the ring "Kawaid" (right hand) {rC+ MP+9 Int+5}
   (You bought it in a shop on level 1 of the Orcish Mines)

   [ring of protection from cold]

   Int:       It affects your intelligence (+5).
   rC:        It protects you from cold.
   MP:        It affects your magic capacity (+9).
 U - the amulet of Nuzaam (around neck) {Regen+ Int+2 Dex+3}
   (You found it on level 3 of the Elven Halls)

   [amulet of regeneration]

   Int:       It affects your intelligence (+2).
   Dex:       It affects your dexterity (+3).
   Regen:     It increases your rate of health regeneration.
 X - the ring of Hami (left hand) {rPois rC+ Will+ rCorr Slay+4}
   (You found it on level 3 of the Elven Halls)

   [ring of slaying]

   Slay:      It affects your accuracy & damage with ranged weapons and melee
   (+4).
   rC:        It protects you from cold.
   rPois:     It protects you from poison.
   rCorr:     It protects you from acid and corrosion.
   Will:      It increases your willpower.
Wands
 a - a wand of polymorph (34)
 j - a wand of digging (22)
 r - a wand of charming (71)
 t - a wand of flame (211)
 w - a wand of mindburst (41)
 C - a wand of roots (38)
 O - a wand of quicksilver (55)
Scrolls
 b - 6 scrolls of blinking
 p - 12 scrolls of poison
 s - 23 scrolls of teleportation
 u - 20 scrolls of fog
 v - 4 scrolls of magic mapping
 B - 12 scrolls of immolation
 J - 7 scrolls of torment
 P - 11 scrolls of fear
 Z - 2 scrolls of summoning
Potions
 d - 12 potions of ambrosia
 e - 15 potions of haste
 g - 15 potions of mutation
 h - 29 potions of curing
 k - 12 potions of lignification
 n - 17 potions of might
 q - 14 potions of resistance
 z - 14 potions of attraction
 D - 13 potions of heal wounds
 F - 17 potions of brilliance
 M - 7 potions of invisibility
 N - 2 potions of cancellation
Miscellaneous
 m - the horn of Geryon


   Skills:
 O Level 27 Fighting
 - Level 2.3(2.7) Short Blades
 - Level 1.9(2.5) Long Blades
 - Level 2.4 Maces & Flails
 - Level 3.4 Polearms
 - Level 1.5 Ranged Weapons
 - Level 1.7 Throwing
 * Level 17.8 Armour
 O Level 27 Dodging
 * Level 17.2 Stealth
 * Level 17.9 Shields
 O Level 27 Spellcasting
 - Level 2.1 Invocations
 * Level 18.6 Evocations


You knew the following spells:

 Your Spells              Type           Power      Damage    Failure   Level
a - Kiss of Death         Conj/Necr      100%       2d13      0%          1
b - Momentum Strike       Conj/Tloc      100%       3d10      0%          2
c - Hailstorm             Conj/Ice       100%       3d20      0%          3
d - Foxfire               Conj/Fire      100%       2x1d9     0%          1
e - Wereblood             Tmut           100%       N/A       0%          2
f - Vampiric Draining     Necr           100%       2d13      0%          3
g - Summon Ice Beast      Ice/Summ       100%       N/A       0%          4
h - Borgnjor's Vile Clut  Necr/Erth      83%        N/A       0%          5
i - Arcjolt               Conj/Air       70%        1d80      0%          5
j - Death Channel         Necr           83%        N/A       0%          6
k - Enfeeble              Hex            70%        N/A       0%          7
l - Eringya's Noxious Bo  Tmut/Pois      70%        N/A       0%          6
m - Necromutation         Tmut/Necr      83%        N/A       1%          8
n - Lehudib's Crystal Sp  Conj/Erth      70%        10d16     1%          8
o - Shatter               Erth           70%        3d52*     1%          9
p - Fire Storm            Conj/Fire      70%        8d18      1%          9
Your spell library was empty.

Dungeon Overview and Level Annotations

Branches:
Dungeon (15/15)            Temple (1/1) D:6            Lair (5/5) D:11
  Swamp (4/4) Lair:2       Spider (4/4) Lair:2        Slime (5/5) Lair:4
    Orc (2/2) D:10            Elf (3/3) Orc:2        Vaults (5/5) D:13
  Crypt (3/3) Vaults:2       Tomb (0/3) Crypt:3      Depths (4/4) D:15
   Hell (visited)             Dis (0/7) Hell            Geh (0/7) Hell
    Coc (3/7) Hell            Tar (0/7) Hell            Zot (5/5) Depths:4
 WizLab (visited)

Altars:
Cheibriados
Fedhas
Gozag
Hepliaklqana
Makhleb
Nemelex Xobeh
Okawaru
Qazlal
Trog
Uskayaw
Xom
Yredelemnul
Zin
Jiyva
Lugonu

Shops:
D:4 *   D:7 ?   D:13 (   Orc:1 ([=*   Orc:2 *(:[   Vaults:1 *   Vaults:3 (

Portals:
Hell: Depths:1 Depths:2 Depths:3 Depths:4
Abyss: Elf:3 Depths:3 Depths:4
Pandemonium: Depths:2
Ziggurat: Depths:3

Annotations:
D:8 3 runed translucent doors
D:9 exclusion: obsidian statue
Spider:1 1 runed translucent door, Syrassil's ghost, journeyman DgGl


Innate Abilities, Weirdness & Mutations

You are an undead lich.
Your unarmed attacks are suffused with negative energy.
You are immune to unholy pain and torment.
Your necromantic spells are more powerful.
You cannot drink.
You are flying.
You are immune to sickness and miasma.
You are immune to poison.
Your flesh is very heat resistant. (rF++)
You are vulnerable to cold. (rC-)
You float through the air rather than walking.
You learn spells naturally, not from books.
Your magical power is your life essence.
You have superior vitality. (+4 MHP)


Message History

You see here a +0 ring mail.
There is an open door here.
You reach down and open the door.
There is an open door here.
There is an open door here.
There is an open door here.
There is a stone staircase leading up here.
Unknown command.
You fly upwards.
There is a stone staircase leading down here.
Unknown command.
There is an open door here.
Aiming: Dig
Press: ? - help, Shift-Dir - straight line You can't see that place.
The rock shatters into small pieces.
Aiming: Dig
Press: ? - help, Shift-Dir - straight line You can't see that place. [a rock wall.]
The rock shatters into small pieces.
A sixfirhy comes into view.
You hear a grinding noise.
You hear a grinding noise.
The sixfirhy completely misses you.
You hear a grinding noise.
You block the sixfirhy's attack.
The sixfirhy hits you but does no damage.
There is a staircase leading out of the dungeon here.
Casting: Necromutation (safe; 1% risk of failure)
Confirm with . or Enter, or press ? or * to list all spells.
Aiming: Lehudib's Crystal Spear (safe; 1% risk of failure)
Press: ? - help, Shift-Dir - straight line, f - sixfirhy
Aim: a sixfirhy (65% to hit)
The crystal spear hits the sixfirhy!!!!
You kill the sixfirhy!
Your transformation is almost over.
You hear a shout!
You hear a grinding noise.
Unknown command.
You have escaped!

#........# #.# #......#####
#........♣♣♣♣♣♣♣♣♣ #.##.#.# ###
#........♣.......♣ #.##.#.# #..
#........♣.PPPPP.♣ #..##.#.###÷#
.........♣.P≈~~P.♣ .#.##.......#
#.##.###.♣.P~8~P.♣##.#.####.#####
#...)....♣.P~≈~P....##.####......
####.####♣.PPPPP$♣..........#####
#.# ♣......L♣.########## #.#
♣♣♣♣♣♣♣♣♣.# #.# #3#. #.# #.## #.#
##.# ######### ####.## #.##
#........ ......## #.# #.######.
.#.....## ##.# #.######.
.#....#.## ###.## #.##.....


There were no monsters in sight!

Vanquished Creatures
  Cerebov (Pan)
  the Royal Jelly (Slime:5)
  Gloorx Vloq (Pan)
  Lom Lobon (Pan)
  Mnoleg (Pan)
  2 dread liches
  8 orbs of fire (Zot:5)
  3 ancient liches
  Mara (Swamp:4)
  3 juggernauts
  Sojobo (Vaults:4)
  6 shard shrikes
  Bai Suzhen (Spider:4)
  Josephina (Depths:2)
  Parghit (Depths:3)
  Saint Roka (Depths:3)
  4 curse toes
  The ghost of Syrassil the Abyss-Baptised, a veteran HOFi of Lugonu (Crypt:1)
  8 golden dragons
  Geryon (Hell)
  2 doom hounds (Depths:2)
  17 Tzitzimimeh (Pan)
  24 Brimstone Fiends
  An iron giant (Hell)
  3 Hell Sentinels (Pan)
  4 electric golems
  Jorgrun (Swamp:3)
  17 tentacled monstrosities
  A tainted leviathan (Hell)
  2 hellephants (Hell)
  A walking crystal tome (Depths:3)
  24 Ice Fiends
  A moon troll (WizLab)
  Asterion (Vaults:3)
  9 liches
  2 deep elf blademasters (Elf:3)
  6 Orb Guardians
  2 deep elf master archers (Elf:3)
  Zenata (Vaults:1)
  4 titans
  18 pandemonium lords
  9 tentacled starspawn (WizLab)
  Grunn (Depths:2)
  4 quicksilver dragons
  20 acid blobs
  10 ancient champions
  6 sphinxes
  30 Executioners (Pan)
  4 death cobs
  A thorn hunter (Swamp:4)
  11 shadow dragons
  6 tengu reavers
  Kirke (Swamp:4)
  Donald (Elf:1)
  18 demonspawn warmongers
  6 storm dragons
  6 revenants
  A fenstrider witch (Swamp:4)
  11 rockslimes
  17 azure jellies
  10 fire giants
  7 draconian monks
  A draconian knight (Zot:4)
  2 narguns
  3 iron dragons
  2 daevas
  6 deep elf sorcerers
  Louise (Depths:3)
  13 vault wardens
  9 ghost moths
  3 draconian scorchers
  37 balrugs
  Aizul (Swamp:4)
  14 frost giants
  2 ghouls (Crypt:1)
  A spriggan defender (Depths:2)
  3 curse skulls
  An angel (Pan)
  A deep elf elementalist (Elf:3)
  4 draconian stormcallers
  6 draconian shifters
  17 demonspawn corrupters (Pan)
  40 very ugly things
  16 ironbound preservers
  10 quicksilver oozes
  29 reapers
  2 broodmothers (Spider:2)
  38 cacodemons
  4 draconian annihilators
  10 ironbound thunderhulks
  23 demonspawn blood saints (Pan)
  2 elemental wellsprings
  22 lorocyprocas (Pan)
  A green draconian (Zot:3)
  23 stone giants
  14 demonspawn black suns
  2 eleionomae (Swamp:1)
  7 white draconians
  13 deep elf annihilators
  10 black draconians
  6 bunyips
  3 purple draconians
  3 putrid mouths (Hell)
  10 deep elf demonologists
  2 wendigos
  12 spark wasps
  7 vampire knights
  25 green deaths
  4 yellow draconians
  6 dire elephants (Vaults:1)
  11 deep elf death magi
  9 fire dragons
  9 ettins
  22 blizzard demons
  5 iron golems (Hell)
  8 eidola
  17 yaktaur captains
  4 crystal guardians
  5 deep elf high priests
  2 jiangshi (Crypt:2)
  A shambling mangrove (Swamp:3)
  A spriggan zombie (Depths:2)
  3 entropy weavers
  5 rakshasas
  7 hydras
  12 great orbs of eyes
  2 quicksilver dragon skeletons
  2 spriggan air magi
  34 vault guards
  7 hell beasts
  A peacekeeper (Vaults:3)
  2 ogre magi (Vaults:5)
  8 ice dragons
  4 boulder beetles
  3 caustic shrike simulacra
  2 ghost crabs
  2 fenstrider witch skeletons (Pan)
  A juggernaut simulacrum (Coc:2)
  A radroach (Spider:4)
  2 death knights (Crypt:1)
  11 centaur warriors
  23 dancing weapons
  3 ironbound frosthearts
  4 jorogumos
  8 alligators
  A two-headed ogre (D:14)
  4 tengu warriors
  A stoker (Hell)
  A death yak (Lair:1)
  22 hell hogs
  6 deep troll earth magi
  115 sun demons
  8 vampire magi
  7 deep troll shamans
  50 soul eaters
  20 hell knights
  3 shock serpents (Pan)
  8 thrashing horrors (Abyss:5)
  7 spriggan berserkers
  14 spriggans
  A wretched star (WizLab)
  3 orc high priests
  An emperor scorpion zombie (Crypt:3)
  18 deep elf knights
  8 shadow wraiths
  8 iron trolls
  52 sixfirhies
  5 pharaoh ants
  5 flayed ghosts
  6 goliath frogs
  19 shadow demons (Pan)
  17 skeletal warriors
  2 spriggan simulacra
  6 glowing orange brains
  An orange crystal statue (Zot:5)
  30 deep trolls
  An orb spider (shapeshifter) (Vaults:5)
  10 orb spiders
  A sun moth (Spider:3)
  3 cherubim
  8 swamp dragons
  A lindwurm (shapeshifter) (Depths:2)
  12 wizards
  A spectral hydra (Lair:2)
  4 spriggan druids
  5 bog bodies
  5 lindwurms
  11 deep elf archers
  15 ironbound convokers
  A deep troll (shapeshifter) (Vaults:5)
  A steelbarb worm (Spider:3)
  5 orc knights
  5 harpies
  13 necromancers
  15 phantasmal warriors
  4 cyclopes
  17 deep elf zephyrmancers
  2 starcursed masses (WizLab)
  A tengu zombie (Depths:2)
  10 wolf spiders
  6 shining eyes
  15 deep elf pyromancers
  An anaconda skeleton (Crypt:1)
  55 ugly things
  7 orc sorcerers
  2 manticores
  10 elephants
  2 will-o-the-wisps (Swamp:3)
  A frost giant zombie (Depths:2)
  A centaur zombie (Hell)
  23 moths of wrath
  2 black mambas
  A toenail golem (Pan)
  A guardian serpent (shapeshifter) (Vaults:5)
  74 smoke demons (Pan)
  6 eyes of devastation
  19 vault sentinels
  10 torpor snails
  48 demonic crawlers
  10 rust devils
  4 titan simulacra (Coc:2)
  An unseen horror (D:11)
  55 orange demons
  8 hellions
  A cane toad (shapeshifter) (D:14)
  7 freezing wraiths
  3 kobold demonologists
  11 efreet
  A swamp worm zombie (Crypt:1)
  4 dire elephant skeletons
  10 ice devils
  9 komodo dragons
  6 rime drakes
  4 cane toads
  An iron troll zombie (Crypt:3)
  An alligator snapping turtle skeleton (Crypt:3)
  20 yaktaurs
  16 tormentors
  An elf skeleton (Vaults:2)
  2 anaconda simulacra
  A human zombie (Vaults:2)
  8 red devils
  A tengu conjurer (Depths:4)
  A tengu simulacrum (Depths:2)
  9 trolls
  2 bloated husks
  A wind drake (shapeshifter) (Depths:3)
  2 polar bears (Lair:5)
  3 meliai
  33 hellwings (Pan)
  13 tarantellas
  11 tyrant leeches
  A guardian serpent zombie (Crypt:1)
  A harpy skeleton (Hell)
  23 hornets
  10 blink frogs
  5 dream sheep (Lair:5)
  A fire dragon zombie (Crypt:3)
  A culicivora zombie (Crypt:2)
  An ice dragon zombie (Crypt:1)
  A fire giant simulacrum (Depths:2)
  11 jumping spiders
  2 human simulacra (Vaults:2)
  2 jumping spiders (shapeshifter)
  2 centaur simulacra (Crypt:1)
  A slime creature (shapeshifter) (Depths:2)
  7 flying skulls (Crypt:3)
  A stone giant simulacrum (Coc:2)
  A sphinx simulacrum (Vaults:2)
  71 large abominations
  A shadow (D:11)
  82 slime creatures
  80 ynoxinuls
  8 culicivoras
  3 wyverns
  7 water elementals
  A fire dragon skeleton (Crypt:2)
  A hog (Swamp:4)
  28 yaks
  3 wraiths
  2 alligator snapping turtle simulacra
  A basilisk (Lair:4)
  38 golden eyes
  7 dire elephant simulacra
  15 vampire mosquitoes
  51 chaos spawn
  34 neqoxecs
  A fire elemental (Elf:2)
  3 steam dragons
  A tyrant leech zombie (Crypt:2)
  45 redbacks
  2 naga zombies (Crypt:1)
  11 swamp worms
  6 harpy simulacra
  7 wargs
  A spectral cane toad (Lair:2)
  2 acid dragons (Lair:5)
  A glowing shapeshifter skeleton (Vaults:2)
  10 water moccasins
  A floating eye (Depths:3)
  29 orc warriors
  A spectral polar bear (Lair:2)
  4 swamp drakes
  2 sky beasts (D:7)
  An ice beast (D:7)
  An ice dragon simulacrum (Crypt:1)
  2 ettin simulacra (Coc:1)
  9 ogres
  A black bear (D:11)
  20 centaurs
  9 wolves
  A swamp dragon skeleton (Crypt:1)
  A manticore skeleton (Crypt:2)
  A phantom (D:6)
  A spectral water moccasin (Lair:2)
  An earth elemental (Elf:3)
  5 kobold brigands
  12 bullfrogs
  A gnoll sergeant (D:12)
  3 naga simulacra
  A deep troll simulacrum (Coc:1)
  3 scorpions
  2 glowing shapeshifter simulacra
  7 wights
  9 killer bees
  A howler monkey (D:13)
  A shapeshifter skeleton (Crypt:2)
  A bullfrog zombie (Crypt:2)
  8 crimson imps (Pan)
  5 hounds
  2 quasits (D:10)
  2 jellies
  20 orc priests
  An iron imp (Pan)
  3 gnoll boudas
  11 iguanas
  2 sleepcaps
  29 orc wizards
  5 hell rats (Lair:4)
  A scorpion zombie (Crypt:2)
  16 gnolls
  2 steam dragon zombies
  10 adders
  A shadow imp (D:7)
  A white imp (D:6)
  An ufetubus (D:4)
  2 worms
  3 dart slugs
  64 orcs
  6 bats
  4 endoplasms
  A giant cockroach (D:1)
  7 goblins
  8 hobgoblins
  7 jackals (D:1)
  3 quokkas
  5 ball pythons
  4 frilled lizards
  25 kobolds
  An orc skeleton (Crypt:1)
  An orc zombie (Crypt:3)
  4 rats
  A river rat skeleton (Crypt:3)
  4 ball lightnings (Pan)
  3 fire vortices (Hell)
  2 lurking horrors (Elf:3)
  A plant (D:11)
  6 starspawn tentacles (WizLab)
3231 creatures vanquished.

Vanquished Creatures (collateral kills)
  A Killer Klown (Zot:5)
  3 golden dragons
  Arachne (Spider:4)
  A doom hound (Depths:2)
  A Tzitzimitl (Pan)
  3 tentacled monstrosities
  2 Orb Guardians (Zot:5)
  An Ice Fiend (Pan)
  Mlioglotl (Spider:4)
  A quicksilver dragon (Zot:2)
  A deep elf blademaster (Elf:2)
  5 acid blobs
  An Executioner (Pan)
  3 shadow dragons
  2 tengu reavers
  A fire giant (Depths:2)
  A rockslime (Slime:5)
  A demonspawn warmonger (Pan)
  2 frost giants
  2 deep elf sorcerers (Elf:3)
  3 vault wardens
  A ghoul (Swamp:3)
  3 deep elf elementalists (Elf:3)
  A curse skull (Pan)
  2 draconian annihilators
  3 ghost moths
  3 ironbound preservers
  7 cacodemons (Pan)
  An orc warlord (Orc:2)
  2 demonspawn corrupters (Pan)
  7 stone giants
  An ironbound thunderhulk (Vaults:2)
  17 very ugly things
  3 vampire knights
  A deep elf demonologist (Elf:3)
  An elemental wellspring (Coc:2)
  2 green draconians
  3 eleionomae
  A demonspawn black sun (Pan)
  A bunyip (Swamp:3)
  A dire elephant (Vaults:1)
  A black draconian (Depths:4)
  A purple draconian (Zot:3)
  4 green deaths
  A lorocyproca (Pan)
  A deep elf death mage (Elf:3)
  3 spark wasps (Swamp:4)
  2 entropy weavers
  A deep elf high priest (Elf:3)
  2 ettins
  3 fire dragons
  A yaktaur captain (Vaults:2)
  3 great orbs of eyes
  2 shambling mangroves
  4 vault guards
  2 rakshasas
  3 ice dragons (Depths:1)
  A hell beast (Swamp:4)
  4 hydras
  A peacekeeper (Vaults:4)
  A ghost crab (Swamp:2)
  A catoblepas (D:14)
  2 radroaches
  3 jorogumos (Spider:4)
  A dancing weapon (Elf:2)
  4 centaur warriors
  2 boulder beetles
  2 two-headed ogres
  9 alligators
  2 death yaks (Lair:1)
  A tengu warrior (Depths:4)
  4 deep troll earth magi
  A thrashing horror (Swamp:4)
  2 deep elf knights
  An orc high priest (Orc:2)
  3 large abominations (Pan)
  A hell knight (Depths:4)
  A glowing orange brain (WizLab)
  A pharaoh ant (Spider:4)
  A sun moth (Spider:3)
  3 sixfirhies (Pan)
  2 iron trolls
  15 deep trolls
  2 flayed ghosts
  6 swamp dragons
  An orange crystal statue (WizLab)
  A shadow demon (Pan)
  3 steelbarb worms
  4 orb spiders
  An orc knight (Orc:2)
  A spriggan druid (Swamp:2)
  A wizard (Swamp:3)
  8 deep elf pyromancers
  A necromancer (Depths:2)
  2 ironbound convokers
  3 starcursed masses (WizLab)
  15 ugly things
  4 harpies
  3 deep elf zephyrmancers
  8 wolf spiders
  An orc sorcerer (Depths:3)
  A shining eye (Slime:5)
  3 cyclopes
  A manticore (shapeshifter) (D:14)
  5 will-o-the-wisps
  A rust devil (D:10)
  2 demonic crawlers
  An eye of devastation (shapeshifter) (D:14)
  An eye of devastation (Slime:5)
  2 torpor snails
  A fire giant skeleton (Depths:2)
  3 vault sentinels
  6 smoke demons
  2 orange demons (Pan)
  4 cane toads
  A rime drake (Lair:3)
  A yaktaur (Vaults:2)
  3 komodo dragons (Lair:5)
  A meliai (Spider:1)
  A merfolk (shapeshifter) (Vaults:1)
  5 hornets
  4 trolls
  3 hellwings (Pan)
  A tyrant leech (Swamp:3)
  A blink frog (Lair:5)
  11 tarantellas
  25 slime creatures
  A culicivora (Spider:2)
  2 wyverns
  A wraith (D:13)
  A spriggan (Swamp:1)
  4 shadows
  2 ynoxinuls (Pan)
  10 jumping spiders
  2 fire elementals
  A basilisk (Lair:4)
  8 golden eyes
  4 chaos spawn
  4 neqoxecs (Pan)
  15 yaks
  7 vampire mosquitoes
  10 redbacks
  6 swamp worms
  A warg (Orc:2)
  A harpy simulacrum (Coc:1)
  4 water moccasins
  3 orc warriors
  A black bear (D:7)
  An ogre (Orc:1)
  A wolf (Lair:2)
  A kobold brigand (D:9)
  3 bullfrogs
  4 killer bees
  4 orc priests
  5 orc wizards
  A hell rat (Lair:4)
  7 orcs
  2 kobolds (D:9)
  A butterfly (Lair:5)
  8 foxfires
  A starspawn tentacle (WizLab)
483 creatures vanquished.

Vanquished Creatures (others)
  A dread lich (Zot:5)
  2 ancient liches (Zot:5)
  An orb of fire (Zot:5)
  2 Killer Klowns (Zot:5)
  A curse toe (Zot:5)
  2 tentacled monstrosities
  18 Orb Guardians (Zot:5)
  2 titans (Pan)
  4 Executioners (Pan)
  2 eldritch tentacles (Pan)
  A death cob (Zot:5)
  A storm dragon (Zot:5)
  A fenstrider witch (Swamp:3)
  A draconian knight (Zot:5)
  A ghost moth (Spider:1)
  5 cacodemons (Pan)
  A draconian shifter (Zot:5)
  A curse skull (Pan)
  A black draconian (Zot:5)
  2 deep elf annihilators (Pan)
  A blizzard demon (Pan)
  4 green deaths (Pan)
  A spriggan skeleton (Pan)
  A deep elf knight (Elf:3)
  A soul eater (Pan)
  6 sixfirhies
  An obsidian statue (Zot:5)
  An anaconda skeleton (Pan)
  2 wizards
  An iron dragon skeleton (Pan)
  4 moths of wrath (Zot:5)
  A demonic crawler (Pan)
  5 orange demons (Pan)
  7 smoke demons (Pan)
  A tormentor (Pan)
  3 hellwings (Pan)
  2 bloated husks
  A hornet (Depths:3)
  A hydra skeleton (Pan)
  A shadow (Swamp:4)
  2 humans (Swamp:4)
  4 neqoxecs (Pan)
  A large abomination (Pan)
  A naga skeleton (Pan)
  A spriggan simulacrum (Depths:2)
  8 ball lightnings (Pan)
  9 demonic plants
  1039 fire vortices
  1603 foxfires
  47 fungi
  56 plants
  23 starspawn tentacles (WizLab)
  5 withered plants (Crypt:3)
2894 creatures vanquished.

Grand Total: 6608 creatures vanquished

Notes
Turn   | Place    | Note
-------+----------+-------------------------------------------
     0 | D:1      | Vorhees the Djinni Reaver began the quest for the Orb.
     0 | D:1      | Vorhees set off with the following spells memorised: Kiss
                  | of Death, Momentum Strike, Hailstorm.
     0 | D:1      | Reached XP level 1. HP: 18/18 MP: 0/0
    57 | D:1      | Reached XP level 2. HP: 7/23 MP: 0/0
   433 | D:1      | Reached XP level 3. HP: 27/28 MP: 0/0
   433 | D:1      | Learned a level 1 spell: Foxfire
  1441 | D:2      | Reached XP level 4. HP: 33/33 MP: 0/0
  2322 | D:3      | Found a faded altar of an unknown god.
  2428 | D:3      | Reached XP level 5. HP: 38/38 MP: 0/0
  2428 | D:3      | Learned a level 2 spell: Wereblood
  3085 | D:4      | Reached XP level 6. HP: 43/43 MP: 0/0
  3165 | D:4      | Reached skill level 5 in Spellcasting
  3214 | D:4      | Found a blossoming altar of Fedhas.
  3298 | D:4      | Found Texaqiutigo's Assorted Antiques.
  4031 | D:5      | Entered Level 5 of the Dungeon
  4047 | D:5      | Noticed a water moccasin
  4052 | D:5      | Killed a water moccasin
  4053 | D:5      | Reached XP level 7. HP: 49/49 MP: 0/0
  4053 | D:5      | Learned a level 3 spell: Vampiric Draining
  4207 | D:5      | Reached XP level 8. HP: 47/54 MP: 0/0
  4301 | D:5      | Found a glowing silver altar of Zin.
  4301 | D:5      | Noticed an angel
  4356 | D:5      | Found a snail-covered altar of Cheibriados.
  5125 | D:6      | Found a staircase to the Ecumenical Temple.
  5134 | Temple   | Entered the Ecumenical Temple
  5166 | Temple   | Became a worshipper of Gozag Ym Sagoz the Greedy
  5206 | D:6      | Reached XP level 9. HP: 47/58 MP: 0/0
  5206 | D:6      | Learned a level 4 spell: Summon Ice Beast
  6554 | D:7      | Found Facur's Magic Scroll Shop.
  6623 | D:7      | Reached skill level 10 in Spellcasting
  6693 | D:8      | Noticed a hornet
  6871 | D:7      | Killed a hornet
  6872 | D:7      | Reached XP level 10. HP: 51/64 MP: 0/0
  7553 | D:8      | Found an iron altar of Okawaru.
  8204 | D:8      | Reached XP level 11. HP: 57/69 MP: 0/0
  8204 | D:8      | Learned a level 5 spell: Borgnjor's Vile Clutch
  8682 | D:8      | Found a runed translucent gate.
  8682 | D:8      | Found a runed translucent gate.
  8682 | D:8      | Found a runed translucent gate.
  8682 | D:8      | Noticed a brown ugly thing
  8682 | D:8      | Noticed a purple ugly thing
  8682 | D:8      | Noticed a cyan ugly thing
  9098 | D:4      | Bought a scroll labelled XAYTAUQOEXT for 25 gold pieces
  9098 | D:4      | Bought a golden potion for 22 gold pieces
  9098 | D:4      | Bought a pair of slimy gloves for 237 gold pieces
  9098 | D:4      | Identified the +5 pair of gloves "Vickury" {Regen+ rCorr
                  | SInv Stlth-} (You bought it in a shop on level 4 of the
                  | Dungeon)
  9162 | D:7      | Bought a scroll of identify for 28 gold pieces
  9162 | D:7      | Bought a scroll of identify for 28 gold pieces
  9162 | D:7      | Bought a scroll of poison for 56 gold pieces
  9162 | D:7      | Bought a scroll of poison for 56 gold pieces
  9523 | D:9      | Noticed an obsidian statue
 10296 | D:9      | Identified a scroll of acquirement
 10296 | D:9      | Acquired the +1 buckler of New Discoveries {MP-9 Int+6
                  | SInv}
 10320 | D:10     | Entered Level 10 of the Dungeon
 10699 | D:10     | Found a staircase to the Orcish Mines.
 10702 | D:10     | Identified the +4 spear "Qaicheed" {protect, rPois}
 10703 | D:10     | Found a bloodstained altar of Trog.
 10705 | D:10     | Noticed a wizard
 10714 | D:10     | Killed a wizard
 11214 | D:10     | Found a hide-covered altar of Uskayaw.
 11287 | D:10     | Reached XP level 12. HP: 63/76 MP: 0/0
 11486 | D:10     | Found a shimmering altar of Xom.
 11489 | D:10     | Found a shimmering altar of Xom.
 11756 | D:10     | Noticed a two-headed ogre
 11762 | D:10     | Killed a two-headed ogre
 12286 | D:11     | Found a staircase to the Lair.
 12414 | D:11     | Reached skill level 15 in Spellcasting
 13121 | Lair:1   | Entered Level 1 of the Lair of Beasts
 13145 | Lair:1   | Noticed a death yak
 13146 | Lair:1   | Noticed a death yak
 13150 | Lair:1   | Noticed a death yak
 13152 | Lair:1   | Killed a death yak
 13159 | Lair:1   | Killed a death yak
 13160 | Lair:1   | Reached XP level 13. HP: 64/80 MP: 0/0
 13160 | Lair:1   | Learned a level 5 spell: Arcjolt
 14485 | Lair:2   | Found a staircase to the Swamp.
 14485 | Lair:2   | Noticed a ghost crab
 14670 | Lair:2   | Killed a ghost crab
 15067 | Lair:2   | Found a hole to the Spider Nest.
 15630 | Lair:3   | You are sucked into a shaft and drop 2 floors!
 15630 | Lair:5   | Entered Level 5 of the Lair of Beasts
 16472 | Lair:4   | Found a staircase to the Slime Pits.
 16473 | Lair:4   | Found a viscous altar of Jiyva.
 17089 | Lair:5   | Reached XP level 14. HP: 63/85 MP: 0/0
 17459 | Lair:5   | Found a runed translucent door.
 17700 | Lair:5   | Identified the ring of Janumej {rElec rPois Str-5 Slay+6
                  | Stlth+}
 18362 | Lair:5   | Reached skill level 1 in Shields
 19037 | Orc:1    | Entered Level 1 of the Orcish Mines
 19150 | Orc:2    | Entered Level 2 of the Orcish Mines
 19251 | Orc:2    | Found a staircase to the Elven Halls.
 19276 | Orc:2    | Noticed an orc warlord
 19315 | Orc:2    | Killed an orc warlord
 19610 | Orc:1    | Found Ythoogiu's General Store.
 19837 | Orc:2    | Reached XP level 15. HP: 69/88 MP: 0/0
 19837 | Orc:2    | Learned a level 6 spell: Death Channel
 20352 | Orc:2    | Found Dempam's Antique Armour Boutique.
 20352 | Orc:2    | Found Xocluciy's General Store.
 20354 | Orc:2    | Found Edauch's Book Emporium.
 20354 | Orc:2    | Found Depoerud's Antique Weapon Emporium.
 20675 | Orc:1    | Bought a warped whip for 247 gold pieces
 20675 | Orc:1    | Identified the +10 whip of Pepoerem {speed, Str+3 Stlth+}
                  | (You bought it in a shop on level 1 of the Orcish Mines)
 20678 | Orc:1    | Bought the -2 hat of the Alchemist {rElec rPois rF+ rC+ rN+
                  | Will+ rMut rCorr} for 991 gold pieces
 20678 | Orc:1    | Found the -2 hat of the Alchemist {rElec rPois rF+ rC+ rN+
                  | Will+ rMut rCorr}
 20693 | Orc:1    | Bought the ring "Kawaid" {rC+ MP+9 Int+5} for 859 gold
                  | pieces
 20704 | Orc:1    | Bought a translucent ring mail for 189 gold pieces
 20704 | Orc:1    | Identified the +2 ring mail of the Good {*Slow rCorr Str+3}
                  | (You bought it in a shop on level 1 of the Orcish Mines)
 20742 | Orc:1    | Bought a +1 cloak of stealth for 264 gold pieces
 20841 | D:12     | You are sucked into a shaft and drop 1 floor!
 21853 | D:13     | Found Ijulurch's Weapon Emporium.
 22113 | D:13     | Found a gate to the Vaults.
 22113 | D:13     | Noticed an ironbound preserver
 22128 | D:13     | Killed an ironbound preserver
 22541 | D:14     | Found a stormy altar of Qazlal.
 23750 | D:14     | Reached XP level 16. HP: 84/95 MP: 0/0
 23966 | D:14     | Identified the +6 shortbow of the Final Nights {flame, Fly
                  | Str+3}
 24100 | Spider:1 | Entered Level 1 of the Spider Nest
 24701 | Spider:1 | Reached skill level 5 in Dodging
 24855 | Spider:1 | Found a runed translucent door.
 24855 | Spider:1 | Noticed Syrassil's ghost (journeyman DgGl)
 24856 | Spider:1 | Noticed an emperor scorpion
 25360 | Spider:2 | Reached skill level 5 in Fighting
 25869 | Spider:3 | Reached skill level 5 in Shields
 25958 | Spider:3 | Reached skill level 1 in Polearms
 26148 | Spider:3 | Reached XP level 17. HP: 94/108 MP: 0/0
 26148 | Spider:3 | Learned a level 7 spell: Enfeeble
 26800 | Spider:4 | Entered Level 4 of the Spider Nest
 27083 | Spider:4 | Noticed Mlioglotl
 27086 | Spider:4 | Killed Mlioglotl
 27268 | Spider:4 | Noticed Bai Suzhen
 27283 | Spider:4 | Killed Bai Suzhen
 27410 | Spider:4 | Noticed Arachne
 27414 | Spider:4 | Killed Arachne
 27429 | Spider:4 | Reached skill level 10 in Dodging
 27643 | Spider:4 | Got a gossamer rune of Zot
 27794 | Spider:4 | Identified the +1 pair of gloves of Qerepseal {Drain +Blink
                  | rPois Dex+4}
 27842 | Spider:4 | Reached XP level 18. HP: 120/121 MP: 0/0
 28270 | Swamp:1  | Entered Level 1 of the Swamp
 28466 | Swamp:1  | Reached skill level 1 in Evocations
 29462 | Swamp:2  | Found a hazy altar of Hepliaklqana.
 29505 | Swamp:3  | Noticed a tentacled monstrosity
 29515 | Swamp:3  | Killed a tentacled monstrosity
 29636 | Swamp:3  | Noticed Jorgrun
 29650 | Swamp:3  | Killed Jorgrun
 29738 | Swamp:3  | Reached skill level 10 in Shields
 30031 | Swamp:3  | Noticed a tentacled monstrosity
 30042 | Swamp:3  | Killed a tentacled monstrosity
 30093 | Swamp:3  | Noticed a tentacled monstrosity
 30105 | Swamp:3  | Killed a tentacled monstrosity
 30106 | Swamp:3  | Reached skill level 10 in Fighting
 30245 | Swamp:3  | Reached XP level 19. HP: 111/130 MP: 0/0
 30245 | Swamp:3  | Learned a level 6 spell: Eringya's Noxious Bog
 30728 | Swamp:4  | Entered Level 4 of the Swamp
 30897 | Swamp:4  | Noticed Aizul
 30994 | Swamp:4  | Killed Aizul
 31179 | Swamp:4  | Noticed Mara
 31180 | Swamp:4  | Noticed Kirke
 31181 | Swamp:4  | Noticed Vorhees's illusion
 31187 | Swamp:4  | Killed Kirke
 31238 | Swamp:4  | Killed Mara
 32145 | Swamp:4  | Got a decaying rune of Zot
 32386 | D:15     | Entered Level 15 of the Dungeon
 32684 | D:15     | Reached skill level 15 in Dodging
 33138 | D:15     | Found a staircase to the Depths.
 33371 | Vaults:1 | Entered Level 1 of the Vaults
 33515 | Vaults:1 | Reached XP level 20. HP: 120/139 MP: 0/0
 33645 | Vaults:1 | Found Ugetum's Distillery.
 33719 | Vaults:1 | Found Talebbex's General Store.
 33789 | Vaults:1 | Noticed Zenata
 33811 | Vaults:1 | Killed Zenata
 33812 | Vaults:1 | Reached skill level 1 in Stealth
 34264 | Vaults:1 | Identified the +2 arbalest of Nahil {penet, rC+}
 35251 | Vaults:2 | Found a staircase to the Crypt.
 35251 | Vaults:2 | Found a basalt altar of Yredelemnul.
 35644 | Vaults:2 | Reached skill level 5 in Stealth
 36314 | Vaults:2 | Acquired 812 gold pieces
 36369 | Vaults:3 | Found Ceppurir's Antique Weapon Boutique.
 36469 | Vaults:3 | Reached XP level 21. HP: 118/148 MP: 0/0
 36469 | Vaults:3 | Learned a level 8 spell: Necromutation
 36751 | Vaults:3 | Noticed Asterion
 36765 | Vaults:3 | Killed Asterion
 37573 | Vaults:3 | Identified the +7 spear of Orocyd {speed, rElec Int+6}
 37897 | Vaults:4 | Noticed Sojobo
 37908 | Vaults:4 | Killed Sojobo
 38528 | Vaults:4 | Reached XP level 22. HP: 149/157 MP: 0/0
 39233 | Elf:1    | Entered Level 1 of the Elven Halls
 39285 | Elf:1    | Found a magical portal.
 39294 | WizLab   | Entered Lehudib's Moon Base
 39403 | WizLab   | Found a transporter.
 40665 | WizLab   | Found a transporter.
 40758 | WizLab   | Identified the ring "Befon" {Will- EV+5 Str+8}
 41027 | Elf:1    | Noticed Donald
 41039 | Elf:1    | Killed Donald
 41521 | Elf:2    | Found a runed translucent gate.
 41522 | Elf:2    | Found a runed translucent gate.
 41522 | Elf:2    | Found a runed translucent gate.
 42067 | Elf:2    | Reached XP level 23. HP: 164/165 MP: 0/0
 42067 | Elf:2    | Learned a level 8 spell: Lehudib's Crystal Spear
 42310 | Elf:3    | Entered Level 3 of the Elven Halls
 42340 | Elf:3    | Found a one-way gate to the infinite horrors of the Abyss.
 42341 | Elf:3    | Found a corrupted altar of Lugonu.
 42890 | Elf:3    | Reached skill level 15 in Fighting
 43172 | Elf:3    | Found the amulet of the Air {Inacc Air Fly rElec RMsl}
 43175 | Elf:3    | Identified the ring "Hikuonol" {rElec rF- Str-2 Int+3
                  | Dex+6}
 43237 | Elf:3    | Identified the amulet of Nuzaam {Regen+ Int+2 Dex+3}
 43237 | Elf:3    | Found the +4 robe of Folly {Brill Will-∞ Int+8}
 43251 | Elf:3    | Identified the ring of Hami {rPois rC+ Will+ rCorr Slay+4}
 43264 | Elf:3    | Identified the +1 executioner's axe of the Hummingbird
                  | {antimagic, Str+3}
 43321 | Elf:3    | Found the +4 consecrated labrys {holy, Valiant Fragile Fly
                  | SInv}
 43353 | Elf:3    | Identified the +2 dagger "Eliketi" {holy, rCorr}
 43656 | Depths:1 | Entered Level 1 of the Depths
 43986 | Depths:1 | Found a corrupted altar of Lugonu.
 44046 | Depths:1 | Identified the +10 sling "Maam" {freeze, *Slow rN+ Int+5}
 44127 | Depths:1 | Reached XP level 24. HP: 159/174 MP: 0/0
 44523 | Depths:1 | Noticed a golden dragon
 44527 | Depths:1 | Killed a golden dragon
 44541 | Depths:1 | Noticed a juggernaut
 44546 | Depths:1 | Killed a juggernaut
 44713 | Depths:1 | Noticed a juggernaut
 44717 | Depths:1 | Killed a juggernaut
 44985 | Depths:1 | Found a gateway to Hell.
 45219 | Depths:2 | Noticed Grunn
 45224 | Depths:2 | Killed Grunn
 45291 | Depths:2 | Identified the +4 leather armour of a ziggurat {+Inv Fly
                  | Int+6}
 45459 | Depths:2 | Identified the ring "Cor Vaiv" {Ice rElec Will++ Str+3
                  | SInv}
 45459 | Depths:2 | Noticed Josephina
 45465 | Depths:2 | Killed Josephina
 45607 | Depths:2 | Found a one-way gate leading to the halls of Pandemonium.
 45667 | Depths:2 | Found a portal to a secret trove of treasure.
 46565 | Depths:2 | You paid a toll of a +6 demon blade to enter a treasure
                  | trove
 46566 | Trove    | Entered a treasure trove
 46582 | Trove    | Identified the scarf "Arekuj" {rC+ rF+, Stlth+}
 46583 | Trove    | Identified the -2 pair of gloves of Conscience {+Inv}
 46606 | Trove    | Identified the amulet "Odeseyps" {rPois rN+ Regen+ SInv
                  | Stlth+}
 47346 | Depths:2 | Noticed a golden dragon
 47354 | Depths:2 | Killed a golden dragon
 47355 | Depths:2 | Reached XP level 25. HP: 181/181 MP: 0/0
 47355 | Depths:2 | Learned a level 9 spell: Shatter
 47730 | Depths:3 | Reached skill level 1 in Armour
 47821 | Depths:3 | Noticed a dread lich
 47903 | Depths:3 | Found a one-way gateway to a ziggurat.
 47904 | Depths:3 | Killed a dread lich
 47991 | Depths:3 | Noticed Parghit
 47996 | Depths:3 | Killed Parghit
 48205 | Depths:3 | Noticed Louise
 48214 | Depths:3 | Killed Louise
 48665 | Depths:3 | Reached skill level 5 in Armour
 48849 | Depths:3 | Identified the +0 ring mail of Lesser Demons {Rampage
                  | Will+}
 48955 | Depths:3 | Identified the +0 scale mail of Prudence {Harm Str+2 Int+2}
 49177 | Depths:3 | Noticed Saint Roka
 49196 | Depths:3 | Killed Saint Roka
 49489 | Depths:4 | Entered Level 4 of the Depths
 49749 | Depths:4 | Noticed a juggernaut
 49763 | Depths:4 | Killed a juggernaut
 49893 | Depths:4 | Reached XP level 26. HP: 183/192 MP: 0/0
 49980 | Depths:4 | Found a gate to the Realm of Zot.
 50223 | Depths:4 | Found an opulent altar of Gozag.
 50778 | Crypt:1  | Entered Level 1 of the Crypt
 50778 | Crypt:1  | Noticed an ancient lich
 50780 | Crypt:1  | Killed an ancient lich
 50993 | Crypt:1  | Found a runed translucent door.
 50993 | Crypt:1  | Found a shimmering altar of Xom.
 50994 | Crypt:1  | Noticed Syrassil's ghost (veteran HOFi)
 51360 | Crypt:1  | Killed Syrassil's ghost
 52666 | Crypt:3  | Entered Level 3 of the Crypt
 52677 | Crypt:3  | Acquired a manual of Evocations
 53100 | Crypt:3  | Found a staircase to the Tomb.
 53478 | Crypt:3  | Noticed a curse toe
 53478 | Crypt:3  | Noticed a curse toe
 53483 | Crypt:3  | Killed a curse toe
 53484 | Crypt:3  | Reached XP level 27. HP: 174/201 MP: 0/0
 53484 | Crypt:3  | Learned a level 9 spell: Fire Storm
 53489 | Crypt:3  | Noticed a dread lich
 53500 | Crypt:3  | Killed a dread lich
 53648 | Crypt:3  | Noticed an ancient lich
 53650 | Crypt:3  | Killed an ancient lich
 53682 | Crypt:3  | Identified the staff of fire "Zaybbesio" {rF+ rN+}
 54028 | Slime:1  | Entered Level 1 of the Pits of Slime
 54160 | Slime:2  | Reached skill level 10 in Armour
 56468 | Slime:5  | Entered Level 5 of the Pits of Slime
 56619 | Slime:5  | Noticed the Royal Jelly
 56624 | Slime:5  | Killed the Royal Jelly
 56876 | Slime:5  | Identified the staff of death "Quthry" {rN+ Str+2 Int+3
                  | Stlth-}
 56882 | Slime:5  | Identified the amulet of Cichain {Faith Str+4}
 56884 | Slime:5  | Identified the +0 ring mail of Masochism {+Blink}
 56909 | Slime:5  | Identified the staff of air "Daofomp" {rElec rCorr Str+3
                  | Dex-2}
 56914 | Slime:5  | Got a slimy rune of Zot
 56915 | Slime:5  | Identified the staff of poison "Ackacus" {rPois rF+}
 56938 | Slime:5  | Identified the +8 glaive "Acodumu" {antimagic, rPois}
 56942 | Slime:5  | Identified the +6 falchion of Circularity {heavy, Dex+2}
 56990 | Slime:5  | Identified the staff of death "Monwuube" {rN+ Dex+8}
 58091 | Vaults:5 | Entered Level 5 of the Vaults
 58110 | Vaults:5 | Noticed an ancient lich
 58243 | Vaults:5 | Identified the +8 long sword "Teujocha" {flame, rF+}
 58350 | Vaults:5 | Identified the staff of conjuration "Rog Piesm" {rF+ rN+
                  | Str-2}
 58397 | Vaults:5 | Killed an ancient lich
 58591 | Vaults:5 | Identified the ring "Zaumuad" {Will+ Str+3 Dex-4 SInv}
 58736 | Vaults:5 | Identified the +1 robe of the Land of Plenty {rElec rPois
                  | Str-4}
 59065 | Vaults:5 | Identified the +1 scale mail "Lex Fao" {rC- Str+6}
 59470 | Vaults:5 | Got a silver rune of Zot
 59944 | Hell     | Entered the Vestibule of Hell
 59944 | Hell     | Noticed Geryon
 59955 | Hell     | Killed Geryon
 60353 | Hell     | Found a gateway to the freezing wastes of Cocytus.
 60407 | Hell     | Reached skill level 10 in Stealth
 60413 | Hell     | Found a gateway to the Iron City of Dis.
 60555 | Hell     | Found a gateway to the decaying netherworld of Tartarus.
 60686 | Hell     | Found a gateway to the ashen valley of Gehenna.
 60926 | Zot:1    | Entered Level 1 of the Realm of Zot
 61211 | Zot:1    | Identified the +2 robe "Ruorr" {Dex+4}
 61584 | Zot:1    | Identified the staff of cold "Mukiav" {rElec rC+ Dex+3}
 62690 | Zot:2    | Identified the +4 halberd "Jias" {venom, rF+ Int+4}
 63299 | Zot:3    | Identified the +0 plate armour of Pandemonium {MP+9 Str+5}
 64055 | Zot:4    | Identified the +0 chain mail of the Frog {rF+ Will+ Dex-5}
 64455 | Zot:5    | Entered Level 5 of the Realm of Zot
 64665 | Zot:5    | Reached skill level 5 in Evocations
 64953 | Zot:5    | Killed an ancient lich
 65213 | Zot:5    | Noticed an orb of fire
 65226 | Zot:5    | Noticed an orb of fire
 65228 | Zot:5    | Noticed an orb of fire
 65237 | Zot:5    | Noticed an orb of fire
 65238 | Zot:5    | Noticed a Killer Klown
 65238 | Zot:5    | Noticed an orb of fire
 65242 | Zot:5    | Killed a Killer Klown
 65243 | Zot:5    | Killed a Killer Klown
 65243 | Zot:5    | Noticed an ancient lich
 65244 | Zot:5    | Noticed an orb of fire
 65256 | Zot:5    | Noticed a dread lich
 65258 | Zot:5    | Noticed a Killer Klown
 65268 | Zot:5    | Killed a Killer Klown
 65276 | Zot:5    | Noticed an orb of fire
 65282 | Zot:5    | Killed an orb of fire
 65314 | Zot:5    | Noticed an orb of fire
 65315 | Zot:5    | Noticed an orb of fire
 65494 | Zot:5    | Killed an orb of fire
 65499 | Zot:5    | Killed an orb of fire
 65516 | Zot:5    | Killed an orb of fire
 65548 | Zot:5    | Killed an orb of fire
 65589 | Zot:5    | Killed an orb of fire
 65590 | Zot:5    | Killed an orb of fire
 65592 | Zot:5    | Killed an orb of fire
 65603 | Zot:5    | Killed an orb of fire
 66240 | Coc:1    | Entered Level 1 of Cocytus
 66428 | Coc:3    | Noticed a shard shrike
 66428 | Coc:3    | Noticed a shard shrike
 66428 | Coc:3    | Noticed a shard shrike
 66428 | Coc:3    | Noticed a shard shrike
 66428 | Coc:3    | Noticed a shard shrike
 66428 | Coc:3    | Noticed a shard shrike
 66428 | Coc:3    | Noticed a shard shrike
 66429 | Coc:3    | Killed a shard shrike
 66429 | Coc:3    | Noticed a shard shrike
 66430 | Coc:3    | Killed a shard shrike
 66430 | Coc:3    | Killed a shard shrike
 66430 | Coc:3    | Noticed a shard shrike
 66430 | Coc:3    | Noticed a shard shrike
 66432 | Coc:3    | Killed a shard shrike
 66432 | Coc:3    | Killed a shard shrike
 66433 | Coc:3    | Reached skill level 15 in Shields
 66436 | Hell     | Killed a shard shrike
 66613 | Pan      | Entered Pandemonium
 66647 | Pan      | Noticed Goenlue the pandemonium lord
 66653 | Pan      | Killed Goenlue the pandemonium lord
 66868 | Pan      | Reached skill level 15 in Armour
 66943 | Pan      | Noticed Baqunk the pandemonium lord
 66948 | Pan      | Killed Baqunk the pandemonium lord
 66949 | Pan      | Reached skill level 10 in Evocations
 67127 | Pan      | Found an exit through the horrors of the Abyss.
 67319 | Pan      | Identified the +4 arbalest "Killer Bee's Regret" {freeze,
                  | rPois Will- Dex+3}
 67359 | Pan      | Noticed Yxzojafe the pandemonium lord
 67364 | Pan      | Killed Yxzojafe the pandemonium lord
 67754 | Pan      | Killed Geggu the pandemonium lord
 68031 | Pan      | Found a runed translucent door.
 68387 | Pan      | Identified the +2 rapier of the Doomed God {vamp, rF+ rN++}
 68396 | Pan      | Found a transporter.
 68486 | Pan      | Found a transporter.
 68667 | Pan      | Identified the ring of Meynijoc {rC+ Will+ Dex-3 Slay+2
                  | Stlth+}
 68674 | Pan      | Identified the amulet "Vouvuigh" {Reflect Fly rF+ Str-2
                  | Dex+4 SH+5}
 68691 | Pan      | Identified the ring of Compulsion {rF+ rN+ Dex+6}
 68856 | Pan      | Noticed Mify the pandemonium lord
 68867 | Abyss:5  | Cast into level 5 of the Abyss (Mify)
 68911 | Pan      | Escaped the Abyss
 68924 | Pan      | Killed Mify the pandemonium lord
 69051 | Pan      | Entered the realm of Gloorx Vloq.
 69696 | Pan      | Noticed Gloorx Vloq
 69701 | Pan      | Killed Gloorx Vloq
 69715 | Pan      | Got a dark rune of Zot
 70276 | Pan      | Identified the +6 shortbow of Annoyance {elec, +Blink
                  | rCorr}
 70380 | Pan      | Entered the realm of Lom Lobon.
 71394 | Pan      | Noticed Lom Lobon
 71408 | Pan      | Killed Lom Lobon
 71525 | Pan      | Got a magical rune of Zot
 71702 | Pan      | Found an exit through the horrors of the Abyss.
 71837 | Pan      | Entered the realm of Mnoleg.
 71837 | Pan      | Noticed Mnoleg
 72286 | Pan      | Found an exit through the horrors of the Abyss.
 72782 | Pan      | Killed Mnoleg
 72903 | Pan      | Got a glowing rune of Zot
 72971 | Pan      | Entered the realm of Cerebov.
 73384 | Pan      | Found an exit through the horrors of the Abyss.
 74042 | Pan      | Identified the +11 triple sword "Fidawiaj" {venom, Contam
                  | Will+ rCorr}
 74203 | Pan      | Identified the +4 arbalest of Division {flame, Dex+3}
 74411 | Pan      | Identified the +1 leather armour of Nydoq {Harm rC++ rN+++
                  | Str-2}
 74453 | Pan      | Identified the ring "Morevvich" {Str+6 Dex+3}
 74535 | Pan      | Found the +6 sword of Cerebov {flame}
 74535 | Pan      | Noticed Cerebov
 74538 | Pan      | Identified the +7 morningstar "Vuud" {chaos, rC+ Str-4
                  | Int+4}
 74894 | Pan      | Killed Cerebov
 74922 | Pan      | Got a fiery rune of Zot
 75264 | Pan      | Found an exit through the horrors of the Abyss.
 75284 | Pan      | Noticed Luxtidy the pandemonium lord
 75285 | Pan      | Reached skill level 27 in Spellcasting
 75288 | Pan      | Killed Luxtidy the pandemonium lord
 75289 | Pan      | Reached skill level 15 in Stealth
 75651 | Pan      | Identified the staff of air "Hinkuno" {rElec rN+ Will+
                  | rCorr}
 75693 | Pan      | Identified the +9 battleaxe of the Jumping Badger {flame,
                  | Str+6}
 75860 | Pan      | Found an exit through the horrors of the Abyss.
 76156 | Pan      | Found a huge runed translucent gate.
 76156 | Pan      | Found a huge runed translucent gate.
 76157 | Pan      | Found a huge runed translucent gate.
 76157 | Pan      | Found a huge runed translucent gate.
 76157 | Pan      | Found a huge runed translucent gate.
 76157 | Pan      | Found a huge runed translucent gate.
 76158 | Pan      | Found a huge runed translucent gate.
 76158 | Pan      | Found a huge runed translucent gate.
 76158 | Pan      | Found a huge runed translucent gate.
 76158 | Pan      | Found a huge runed translucent gate.
 76158 | Pan      | Found a huge runed translucent gate.
 76158 | Pan      | Found a huge runed translucent gate.
 76158 | Pan      | Found a huge runed translucent gate.
 76159 | Pan      | Found a huge runed translucent gate.
 76159 | Pan      | Noticed Syokecvi the pandemonium lord
 76159 | Pan      | Found a huge runed translucent gate.
 76159 | Pan      | Found a huge runed translucent gate.
 76169 | Pan      | Killed Syokecvi the pandemonium lord
 76311 | Pan      | Noticed Fogeg the pandemonium lord
 76318 | Pan      | Killed Fogeg the pandemonium lord
 76416 | Pan      | Found an exit through the horrors of the Abyss.
 76580 | Pan      | Found an exit through the horrors of the Abyss.
 76620 | Pan      | Noticed Tebrararghi the pandemonium lord
 76628 | Pan      | Killed Tebrararghi the pandemonium lord
 76907 | Pan      | Noticed Yceproot the pandemonium lord
 76918 | Pan      | Killed Yceproot the pandemonium lord
 77092 | Pan      | Found an exit through the horrors of the Abyss.
 77844 | Pan      | Identified the +3 ring mail of Pandemonium {rN+}
 78026 | Pan      | Found an exit through the horrors of the Abyss.
 78063 | Pan      | Found a runed translucent door.
 78067 | Pan      | Found a runed translucent door.
 78074 | Pan      | Found a runed translucent door.
 78302 | Pan      | Noticed Cuclizea the pandemonium lord
 78366 | Pan      | Found a runed translucent door.
 78951 | Pan      | Killed Cuclizea the pandemonium lord
 78995 | Pan      | Identified the staff of air "Renemi" {+Blink rElec rN+
                  | Int-5}
 79194 | Pan      | Noticed Xircho Juqore the pandemonium lord
 79208 | Pan      | Killed Xircho Juqore the pandemonium lord
 79234 | Pan      | Identified the amulet "Hicorphig" {RegenMP Dex+4}
 79260 | Pan      | Got a demonic rune of Zot
 79397 | Pan      | Reached skill level 27 in Dodging
 79844 | Pan      | Found an exit through the horrors of the Abyss.
 80405 | Pan      | Found an exit through the horrors of the Abyss.
 80449 | Pan      | Noticed Botexetoa the pandemonium lord
 80458 | Pan      | Killed Botexetoa the pandemonium lord
 80459 | Pan      | Reached skill level 27 in Fighting
 80823 | Pan      | Reached skill level 1 in Short Blades
 80832 | Pan      | Reached skill level 1 in Invocations
 81229 | Pan      | Identified the -2 buckler "Oddenopo" {rF++ MP-9 Int+3
                  | Stlth+}
 81712 | Pan      | Reached skill level 15 in Evocations
 81851 | Pan      | Reached skill level 1 in Long Blades
 81914 | Pan      | Noticed Bygea the pandemonium lord
 81919 | Pan      | Killed Bygea the pandemonium lord
 81931 | Pan      | Reached skill level 1 in Throwing
 82520 | Pan      | Reached skill level 1 in Ranged Weapons
 82545 | Pan      | Found an exit through the horrors of the Abyss.
 82810 | Pan      | Identified the +3 arbalest "Wuok Xel" {elec, rElec rC-
                  | rCorr MP+9}
 82848 | Pan      | Noticed Zeussom the pandemonium lord
 82858 | Pan      | Killed Zeussom the pandemonium lord
 83813 | Pan      | Noticed Vizatt the pandemonium lord
 83816 | Pan      | Killed Vizatt the pandemonium lord
 84206 | Pan      | Found an exit through the horrors of the Abyss.
 85055 | Pan      | Noticed Bups the pandemonium lord
 85059 | Depths:2 | Escaped Pandemonium
 85511 | Zot:5    | Got the Orb of Zot
 85988 | D:11     | Noticed Ofau the pandemonium lord
 85991 | D:11     | Killed Ofau the pandemonium lord
 86002 | D:11     | Noticed Rujol the pandemonium lord
 86014 | D:10     | Killed Rujol the pandemonium lord
 86208 | D:2      | Noticed a seraph
 86227 | D:2      | Noticed Juli the pandemonium lord
 86331 | D:$      | Escaped with the Orb!

Illustrated notes

Levels and vault maps discovered:
D:1:      tarquinn_simple_flora_water_a, layout_loops_corners
D:2:      layout_loops_corners
D:3:      layout_rooms, shapermc_ecumenical_altar_venn,
          chequers_decorated_corner, kennysheep_nub, minmay_close_crescents
D:4:      layout_cave_pods, mainiacjoe_overflow_alcove_4, serial_shops,
          nicolae_inconvenience_store, grunt_ministairs_1, serial_bayou_pond_e
D:5:      layout_rooms, zin_angel, chei_slow_surprise
D:6:      layout_loops_ring, minmay_temple_entry_nine_rooms, minivault_10
D:7:      layout_gridville, serial_shops, nicolae_square_shop
D:8:      layout_gridville, okawaru_metal_pillars_1_2,
          ploomutoo_gammafunk_ghost_potion_laboratory,
          minmay_fractal_squares_diagonal_5
D:9:      layout_basic, abandoned_shop, minivault_16
D:10:     layout_long_grid, trog_wizard, lemuel_round_altar, xom_redecorated,
          gammafunk_temple_overflow_statue, serial_demonic, serial_demonic_a,
          serial_demonic_c, serial_demonic_f, serial_demonic_c,
          serial_demonic_b, serial_demonic_c
D:11:     layout_roguey, due_lair_maze_entry_diamond,
          hangedman_abyss_or_decor_clamps
D:12:     layout_small_grid
D:13:     layout_long_grid, skrybe_vaults_entry_preservation, serial_shops,
          nicolae_shop_pleasant_corner_grove
D:14:     kennysheep_green_arena, layout_gridville,
          hangedman_decor_clover_reticule, grunt_qazlal_clouds
D:15:     grunt_enter_depths_snipers, layout_irregular_city
Temple:   oiseaux_autumnal_temple
Lair:1:   hellmonk_destroyed_diamonds, layout_hall_layers
Lair:2:   layout_regular_city, nicolae_swamp_entry_spooky,
          hellmonk_spider_entry_not_the_bees
Lair:3:   layout_regular_city, infiniplex_staircase_pool_2
Lair:4:   dreamdust_cave_troll, layout_concentric_octagons, slime_entry_1,
          serial_bayou_shore_b
Lair:5:   wormcave, layout_cave_shapes, guppyfry_lair_end_dragon,
          grunt_forest_small_clearing_treed, grunt_megastairs_5,
          lemuel_fruit_fields, serial_bayou_shore_b
Swamp:1:  layout_basic_swamp, evilmike_swamp_ruin_house_2, swamp_pool4
Swamp:2:  layout_basic_swamp, nicolae_swamp_godswood
Swamp:3:  nzn_winding_woodlands_three_and_one [nzn_winding_woodlands_5x15_eye,
          nzn_winding_woodlands_5x15_pathside_ponds,
          nzn_winding_woodlands_5x15_pockets,
          nzn_winding_woodlands_center_pierced_h], layout_basic_swamp,
          evilmike_swamp_ruin_house_5, swamp_pool1, grunt_hermit_hut,
          uniq_jorgrun
Swamp:4:  swamp_vile, layout_basic_swamp, swamp_pool5,
          nicolae_swamp_catching_bugs, uniq_mara, uniq_aizul, uniq_kirke
Spider:1: layout_spider_delve, ebering_ghost_inner_flame
Spider:2: layout_spider_delve, nicolae_spider_cling_ruins
Spider:3: layout_spider_delve
Spider:4: johnstein_spider_rune_arachne_lair, uniq_mlioglotl, uniq_bai_suzhen,
          uniq_arachne
Slime:1:  layout_caves
Slime:2:  layout_caves
Slime:3:  layout_caves
Slime:4:  layout_caves
Slime:5
Orc:1:    layout_diamond_mine, serial_shops, shop
Orc:2:    st_orc_elflike, layout_diamond_mine, mines5_lemuel
Elf:1:    layout_loops_ring, mu_enter_wizlab_3, minmay_elf_demonology,
          uniq_donald
Elf:2:    nicolae_elf_blades_crystal_corner, layout_gridlike, minivault_25
Elf:3:    elf_hall, layout_geoelf_diagonals, amcnicky_altar_lugonu_corruption
Vaults:1: v_pattern_4, nicolae_vaults_security_offices_1,
          nicolae_vaults_tetromino_Z_2, hangedman_vaults_nails,
          hangedman_vaults_impose, nicolae_vaults_yaktaur_gun_rack,
          vaults_standard_mumra_lines, nicolae_vaults_mini_display_case,
          vaults_dpeg_ring, v_misc_24, layout_vaults_big_room, serial_shops,
          nicolae_shop_tiny_waterfront, shop, uniq_zenata
Vaults:2: nicolae_vaults_circle_grid_a, minmay_crypt_entry_necro_gods,
          serial_ice_b, nicolae_vaults_twisting_passages,
          nicolae_vaults_what_the_h, vaults_room_hallway,
          nicolae_vaults_shelves_hall, nicolae_vaults_storage_closets_2,
          nicolae_vaults_heart-shaped_vault, layout_vaults_quadrants
Vaults:3: nicolae_vaults_little_squares_4, nicolae_vaults_cornered_office,
          nicolae_vaults_trapezoid_4, nicolae_vaults_arrows,
          hangedman_vaults_nails, nicolae_vaults_spaceships,
          vaults_mumra_hexcomb, vaults_room_corners,
          nicolae_vaults_storage_room_statues, nicolae_vaults_tetromino_Z_2,
          nicolae_vaults_theta, nicolae_vaults_meeting,
          nicolae_vaults_trapezoid_1, layout_vaults_omnibox, serial_shops,
          shop_coins, uniq_asterion
Vaults:4: nicolae_vaults_lightning_bolt, v_misc_10,
          nicolae_vaults_windows_and_doors_thing, vaults_room_ringed_pool,
          v_misc_17, nicolae_vaults_tetromino_L_1,
          nicolae_vaults_little_guard_posts, hangedman_vaults_nails,
          ontoclasm_vaults_ligature, nicolae_vaults_little_ls,
          nicolae_vaults_network_s, hangedman_vaults_pinch,
          vaults_dpeg_encased_lava, layout_vaults_ring, uniq_sojobo
Vaults:5
Crypt:1:  layout_rooms, basic_altar, ebering_ghost_xom, evilmike_ambush
          [evilmike_ambush_outer_basic, evilmike_ambush_inner_basic],
          grunt_megastairs_4
Crypt:2:  layout_catacombs, evilmike_ambush [evilmike_ambush_outer_basic,
          evilmike_ambush_inner_wall_1]
Crypt:3:  david_glass_crypt, layout_gridlike, tomb_entry_forgotten_bobbens
Depths:1: evilmike_diamond_1, layout_basic, minmay_door_square,
          grunt_hell_entry_dis_mu, nicolae_lava_and_water, minmay_misc_feat_iff,
          tgw_lugonu_bribe
Depths:2: nicolae_aperiodic_l_corner, layout_honeycomb, serial_co_window_serial,
          co_window_corner_a, co_window_corner_a, co_window_paths_b,
          co_window_paths_a, co_window_of_opportunity_a,
          co_window_unsneaky_path_d, co_window_2corner, co_window_corner_ca,
          co_window_paths_d, glass_columns_a, glass_columns_a, glass_columns_a,
          glass_columns_a, nicolae_trove_entry_crossroad,
          grunt_pan_entry_sceptre, hell_entry, infiniplex_staircase_river,
          uniq_grunn, uniq_josephina
Depths:3: minmay_stepped, layout_honeycomb, enter_ziggurat_c,
          pf_dread_powers_of_hell, minivault_11,
          nicolae_abyss_entry_one_way_or_another, grunt_ministairs_2,
          infiniplex_staircase_door_maze, uniq_parghit, uniq_saint_roka
Depths:4: grunt_zot_entry_tricorne, layout_cave_shapes, abyss_entry,
          grunt_metal_band, chequers_jeans, grunt_gozag_statues,
          serial_bayou_shore_a, serial_bayou_shore_b, serial_bayou_shore_b
Hell
Coc:1:    layout_cocytus_water_paths
Coc:2:    layout_cocytus_water_paths
Coc:3:    layout_ice_bergs
Zot:1:    layout_cathedral_of_symmetry, st_small_dragon_hoard_5
Zot:2:    layout_basic
Zot:3:    layout_misc_corridors
Zot:4:    layout_gridville
Zot:5:    layout_gridville

Skill      XL: |  1  2  3  4  5  6  7  8  9 10 11 12 13 14 15 16 17 18 19 20 21 22 23 24 25 26 27 |
---------------+----------------------------------------------------------------------------------+-----
Spellcasting   | 3 4 5 6 8 10 12 13 15 17 18 20 21 22 23 24 25 27 | 27.0
Dodging        | 3 4 7 10 12 15 16 17 20 27 | 27.0
Shields        | 1 5 8 10 12 17 | 17.9
Fighting       | 5 8 10 11 12 13 14 15 16 17 18 27 | 27.0
Polearms       | 1 2 3 |  3.4
Evocations     | 1 2 18 | 18.6
Stealth        | 5 7 8 17 | 17.2
Armour         | 6 9 17 | 17.8
Short Blades   | 2 |  2.3
Invocations    | 2 |  2.1
Long Blades    | 1 |  1.9
Throwing       | 1 |  1.7
Ranged Weapons | 1 |  1.5
Maces & Flails | |  2.4

Action                     |  1- 3 |  4- 6 |  7- 9 | 10-12 | 13-15 | 16-18 | 19-21 | 22-24 | 25-27 || total
---------------------------+-------+-------+-------+-------+-------+-------+-------+-------+-------++-------
  Melee: Mace              |    48 |       |    11 |     6 |       |       |       |       |       ||    65
         Punch             |     1 |       |       |       |       |       |       |       |       ||     1
         Spear             |       |       |       |     2 |    20 |     4 |    17 |    55 |    40 ||   138
   Cast: Foxfire           |    46 |   205 |   342 |   254 |    95 |       |       |    11 |       ||   953
         Summon Ice Beast  |       |       |     4 |    44 |    75 |     6 |    12 |     4 |       ||   145
         Borgnjor's Vile C |       |       |       |   132 |   340 |   368 |   337 |   381 |   248 ||  1806
         Arcjolt           |       |       |       |       |    17 |    41 |    35 |     6 |       ||    99
         Death Channel     |       |       |       |       |    15 |    48 |    45 |    35 |    18 ||   161
         Enfeeble          |       |       |       |       |       |    25 |    96 |    51 |    16 ||   188
         Eringya's Noxious |       |       |       |       |       |       |    26 |     1 |       ||    27
         Necromutation     |       |       |       |       |       |       |    13 |    89 |   476 ||   578
         Lehudib's Crystal |       |       |       |       |       |       |       |    72 |   346 ||   418
         Shatter           |       |       |       |       |       |       |       |       |   200 ||   200
         Fire Storm        |       |       |       |       |       |       |       |       |  1435 ||  1435
 Invoke: Call Merchant     |       |       |       |       |     3 |       |       |       |       ||     3
         Potion Petition   |       |       |       |       |       |       |       |       |     5 ||     5
         Bribe Branch      |       |       |       |       |       |       |       |       |     3 ||     3
  Evoke: Wand              |       |       |       |     2 |     2 |     1 |     3 |     3 |    12 ||    23
    Use: Scroll            |     3 |     5 |     6 |    14 |    12 |     6 |     2 |     7 |    22 ||    77
         Potion            |       |       |     2 |     2 |     2 |     5 |     1 |       |     2 ||    14
   Stab: Invisible         |       |       |       |       |       |       |     1 |       |       ||     1
 Armour: Leather armour    |    18 |     8 |    53 |    33 |    66 |    47 |    47 |    14 |       ||   286
         Troll leather arm |       |       |       |       |       |       |       |    21 |    85 ||   106
  Dodge: Dodged            |    63 |    15 |    77 |    56 |   111 |    90 |   115 |    98 |   227 ||   852
  Block: Buckler           |       |       |       |    11 |    38 |    42 |    85 |    59 |   116 ||   351
